AoeStats
← victordh91

Arabia

510140256Analyzed
1v1 RM · 2d ago on Sep 29, 2026· 35m 21s· 2 players
Game mode
Random Map
Map size
Tiny (2 player)
Population
200
Speed
Normal
Resources
Standard
Victory
Conquest
Starting age
Dark Age
Ending age
Imperial Age
RankedLock teamsTeams togetherTeam positionsShared explorationLock speedFull tech treeHidden civsTurbo modeCheats
Victory
Defeat
🇵🇱 Bulgarians · Poland
963
+16
🇳🇱 Franks · Netherlands
965
-16
przemulek123
9:33 Feudal Age
10:10 Double-Bit Axe
12:53 Forging
13:50 Scale Mail Armor
18:44 Fletching
20:08 Padded Archer Armor
20:44 Horse Collar
23:16 Castle Age
21:40 Loom
23:34 Pikeman
24:14 Squires
25:04 Bow Saw
27:44 Iron Casting
27:24 Chain Mail Armor
30:12 Elite Skirmisher
31:39 Bodkin Arrow
31:52 Thumb Ring
victordh91
5:51 Loom
6:26 Loom
9:05 Feudal Age
16:20 Fletching
21:51 Castle Age
19:58 Padded Archer Armor
19:59 Scale Mail Armor
23:34 Husbandry
24:42 Scale Barding Armor
24:48 Forging
25:06 Double-Bit Axe
30:07 Wheelbarrow
Connection lost

Rejoining the realm…

Still unreachable

The connection could not be restored.

Session expired

The server has moved on; the page needs a fresh start.